 Dungeon Crawl Stone Soup version 0.21-a0-400-g417d9d2 (webtiles) character file.

1054849 4thArraOfDagon the Wrestler (level 27, -15/357 HPs)
             Began as a Demigod Fighter on Oct 19, 2017.
             Killed from afar by a Hell Sentinel (30 damage)
             ... with an iron shot
             ... on level 7 of the Iron City of Dis on Oct 20, 2017.
             The game lasted 04:58:24 (35452 turns).

4thArraOfDagon the Wrestler (Demigod Fighter)      Turns: 35452, Time: 04:58:24

Health: -15/357    AC: 35    Str: 26      XL:     27
Magic:  62/70      EV: 18    Int: 33      God:
Gold:   1224       SH: 16    Dex:  8 (10) Spells: 1/46 levels left

rFire    + + +     SeeInvis +     - Unarmed
rCold    + + +     Gourm    .   O - +2 shield "Maameomm" {Int+3}
rNeg     + + +     Faith    .   (armour currently unavailable)
rPois    ∞         Spirit   .   t - +2 helmet "Ciazuomm" {MP+9 Slay+2 Stlth+}
rElec    +         Reflect  .   y - scarf of Sooloh {rC+}
rCorr    .         Harm     .   (gloves currently unavailable)
MR       ++...                  (boots currently unavailable)
Stlth    ++........             U - amulet "Cenlicorog" {Regen+ MP+9 Str+7 Int+3 Dex+2}
HPRegen  2.09/turn              e - ring of the Rose {+Fly rF+++ rN++ Dex-5 Slay+3 SInv}
MPRegen  0.42/turn              H - ring of Heso {+Blink rC+++ MP+9 Int-5 SInv}

@: statue-form, very slightly contaminated, regenerating, very slow
A: clever 1, clumsy 1, deterioration 1, high mp 1, mutation resistance 1, robust
1, no potion heal 1, MP-powered wands
}: 13/15 runes: decaying, slimy, silver, obsidian, icy, bone, abyssal, demonic,
glowing, magical, fiery, dark, gossamer
a: End Transformation, Evoke Blink, Evoke Flight


You were on level 7 of the Iron City of Dis.
You were not hungry.
You were a stone statue.
You visited 14 branches of the dungeon, and saw 76 of its levels.
You visited Pandemonium 1 time, and saw 35 of its levels.
You visited the Abyss 4 times.
You visited 1 ziggurat, and saw 10 of its levels.
You also visited: Labyrinth, Ossuary and Ice Cave.

You collected 4443 gold pieces.
You spent 3219 gold pieces at shops.

Inventory:

Hand Weapons
 j - the +12 war axe "Nioluq" {speed, Str+3}
   (You found it on level 5 of the Pits of Slime)

   Attacks with this weapon are significantly faster.
   It affects your strength (+3).
Armour
 k - the +0 helmet of Imeyc {rCorr Str+6}
   (You bought it in a shop on level 4 of the Dungeon)

   It affects your strength (+6).
   It protects you from acid and corrosion.
 t - the +2 helmet "Ciazuomm" (worn) {MP+9 Slay+2 Stlth+}
   (You bought it in a shop on level 5 of the Vaults)

   It affects your accuracy and damage with ranged weapons and melee attacks
   (+2).
   It affects your magic capacity (+9).
   It makes you more stealthy.
 x - a +2 pair of boots (melded)
 y - the scarf of Sooloh (worn) {rC+}
   (You found it on level 1 of the Spider Nest)

   It protects you from cold.
 J - a +4 troll leather armour (melded) {Snorg}
 O - the +2 shield "Maameomm" (worn) {Int+3}
   (You took it off Donald on level 3 of the Spider Nest)

   It affects your intelligence (+3).
 T - the +2 pair of gloves "Ocozyjuxt" (melded) {Int+7 Stlth-}
   (You found it on level 5 of the Vaults)

   It affects your intelligence (+7).
   It makes you less stealthy.
Magical Staves
 K - an uncursed staff of wizardry {!a}
Jewellery
 e - the ring of the Rose (left hand) {+Fly rF+++ rN++ Dex-5 Slay+3 SInv}
   (You found it on level 4 of the Vaults)

   [ring of flight]

   It affects your dexterity (-5).
   It affects your accuracy and damage with ranged weapons and melee attacks
   (+3).
   It renders you almost immune to fire.
   It greatly protects you from negative energy.
   It lets you see invisible.
   It lets you fly.
 H - the ring of Heso (right hand) {+Blink rC+++ MP+9 Int-5 SInv}
   (You found it on level 5 of the Lair of Beasts)

   [ring of see invisible]

   It affects your intelligence (-5).
   It renders you almost immune to cold.
   It affects your magic capacity (+9).
   It lets you see invisible.
   It lets you blink.
 M - an uncursed ring of protection from magic
 U - the amulet "Cenlicorog" (around neck) {Regen+ MP+9 Str+7 Int+3 Dex+2}
   (You found it in an ice cave)

   [amulet of regeneration]

   It affects your strength (+7).
   It affects your intelligence (+3).
   It affects your dexterity (+2).
   It affects your magic capacity (+9).
   It increases your rate of regeneration.
 W - the ring of Reri {rPois MR+}
   (You acquired it on level 2 of the Lair of Beasts)

   [ring of protection from magic]

   It protects you from poison.
   It affects your resistance to hostile enchantments.
 Z - the ring "Lec Urak" {Str+3 Slay+2}
   (You took it off a deep elf sorcerer on level 3 of the Elven Halls)

   [ring of strength]

   It affects your strength (+3).
   It affects your accuracy and damage with ranged weapons and melee attacks
   (+2).
Wands
 q - a wand of acid (7/15)
 B - a wand of paralysis (8/24)
 D - a wand of confusion (4/48)
 R - a wand of digging (15/24)
 S - a wand of iceblast (0/15)
Scrolls
 a - 5 scrolls of identify
 h - 2 scrolls of teleportation
 m - a scroll of fear
 n - 4 scrolls of amnesia
 o - 18 scrolls of remove curse
 r - 4 scrolls of recharging
 u - 4 scrolls of fog
 V - a scroll of magic mapping
 Y - a scroll of summoning
Potions
 c - 12 potions of curing
 f - 3 potions of ambrosia
 g - 3 potions of heal wounds
 l - 3 potions of cancellation
 s - 5 potions of might
 v - 2 potions of berserk rage
 w - 8 potions of flight
 z - 7 potions of haste
 A - a potion of resistance
 C - 3 potions of magic
 F - 7 potions of mutation
 N - 3 potions of brilliance
 Q - a potion of agility
Books
 G - the Guide on the Cloudy Snowflakes
   (You found it on level 3 of the Depths)

   Spells                             Type                      Level
   a - Swiftness                      Charms/Air                   2
   b - Throw Frost                    Conjuration/Ice              2
   c - Ice Form                       Ice/Transmutation            4
   d - Deflect Missiles               Charms/Air                   6
   e - Simulacrum                     Ice/Necromancy               6
Miscellaneous
 i - a phial of floods
 E - a box of beasts
 I - a lamp of fire
 L - a lightning rod (4/4)
 P - 2 sacks of spiders
Comestibles
 p - 17 meat rations


   Skills:
 - Level 21.0 Fighting
 - Level 16.1 Axes
 - Level 3.0 Armour
 - Level 15.1 Dodging
 - Level 16.1 Shields
 - Level 23.0 Unarmed Combat
 - Level 10.4 Spellcasting
 - Level 6.3 Charms
 - Level 10.1 Necromancy
 - Level 5.0 Translocations
 - Level 11.8 Transmutations
 - Level 20.7 Earth Magic
 * Level 11.8 Evocations


You had one spell level left.
You knew the following spells:

 Your Spells              Type           Power        Failure   Level  Hunger
a - Blade Hands           Tmut           #######...   1%          5    ##.....
b - Regeneration          Chrm/Necr      ######....   1%          3    None
c - Song of Slaying       Chrm           ######..     1%          2    None
d - Sublimation of Blood  Necr           ######....   1%          2    None
e - Blink                 Tloc           N/A          1%          2    None
f - Statue Form           Tmut/Erth      #######..    1%          6    #####..
g - Apportation           Tloc           ######       1%          1    None
h - Control Undead        Necr           ######....   1%          4    None
i - Animate Dead          Necr           N/A          1%          4    None
j - Lesser Beckoning      Tloc           ######....   1%          3    None
k - Passwall              Tmut/Erth      #######...   0%          2    None
l - Lee's Rapid Deconstr  Erth           ########..   0%          5    ##.....
m - Passage of Golubria   Tloc           N/A          3%          4    None
n - Swiftness             Chrm/Air       #####...     1%          2    None


Dungeon Overview and Level Annotations

Branches:
Dungeon (15/15)              Lair (6/6) D:11          Swamp (4/4) Lair:4
 Spider (4/4) Lair:3        Slime (5/5) Lair:5          Orc (2/2) D:10
    Elf (3/3) Orc:2        Vaults (5/5) D:13         Depths (5/5) D:15
   Hell (1/1)                 Dis (7/7) Hell            Geh (7/7) Hell
    Coc (7/7) Hell            Tar (7/7) Hell
 Temple: D:4-7        Crypt: Vaults:2-3     Zot: Depths:5

Shops:
D:4 *?*[   Orc:2 *([(   Elf:3 }   Vaults:5 [[!!!

Portals:
Hell: Depths:2
Abyss: Depths:3 Depths:4
Pandemonium: Depths:3
Trove: D:14 (give 10 potions of heal wounds)

Annotations:
D:5 Dowan, Duvessa
D:7 1 runed door
Elf:2 3 runed doors
Vaults:4 Mennas
Dis:7 Dispater
Geh:7 Asmodeus
Coc:7 4thArraOfDagon's ghost, legendary MiAK; Antaeus


Innate Abilities, Weirdness & Mutations

You have an increased reservoir of magic. (+10% MP)
((You are mostly covered in yellow scales. (AC +3)))
Your mind is acute. (Int +2)
You are clumsy. (Dex -2)
Your body sometimes deteriorates upon taking damage.
You are somewhat resistant to further mutation.
You are robust. (+10% HP)
Potions are less effective at restoring your health.
You expend magic power (3 MP) to strengthen your wands.


Message History

The damnation engulfs the Hell Sentinel.
The Hell Sentinel completely resists.
The damnation engulfs you!
* * * LOW HITPOINT WARNING * * *
Your body deteriorates!
You feel clumsy.
The damnation engulfs the Hell Sentinel.
The Hell Sentinel completely resists.
Unknown command.
Unknown command.
Okay, then.
Unknown command.
Unknown command.
Okay, then.
Unknown command.
Okay, then.
Unknown command.
You punch the Hell Sentinel!
The Hell Sentinel is severely wounded.
The Hell Sentinel gestures at you. The iron shot hits you!
You die...

,,+,,,,**........###...1.##,,....
,,*,,,,**........###....1#,,,....
***,,,,**#........##....##,,,1...
,,,,,,,,*#........*#.8..#,,,,.T..
,,,,,,,,*#........*#.^..#,*,,.&.2
,,,,,,,,*#.......####...##,*,,,,*
,,,,,,,,*#.......#..#.§..#,******
,,*****,*#.......#..#....##,,**,,
,,*,,,*,*#......8#.1'.....#**,,**
,,*,,,*,*#......1#'###......#***,
,,**+**,*##.....†1..##....8...,,,
,,,,,,,,,*#.....)...###.....8.,8,
*,,,,,,,,*#..........#*.......,,,
*,,,,,,,,*#..........###......,,,
*,,,,,,,,*##..........#*##...,,,,
*,,,,,,,,,*#.#####....#,,*,,,,,,,
*,,,,,,,,,*#.*,,,#....#,,*,,8,,8,


You could see 2 Hell Sentinels.

Vanquished Creatures
  Cerebov (Pan)
  Ereshkigal (Tar:7)
  the Serpent of Hell (Coc:7)
  Gloorx Vloq (Pan)
  Mnoleg (Pan)
  Mara (Spider:3)
  A juggernaut (Depths:5)
  7 pandemonium lords (Pan)
  Sojobo (Depths:2)
  Bai Suzhen (Spider:4)
  A shard shrike (Coc:7)
  Margery (Vaults:4)
  Geryon (Hell)
  3 golden dragons
  Nikola (Spider:2)
  A profane servitor (Abyss:1)
  Jory (Vaults:5)
  4 bone dragons
  5 doom hounds
  17 Brimstone Fiends
  Jorgrun (Depths:3)
  4 iron giants
  3 tentacled monstrosities
  2 hellephants (Abyss:5)
  10 Tzitzimimeh
  7 Hell Sentinels
  Rupert (D:15)
  12 Ice Fiends
  3 titans (Vaults:5)
  Asterion (Spider:2)
  4 quicksilver dragons
  4 deep elf master archers
  20 acid blobs
  6 liches
  4 deep elf blademasters
  2 sphinxes (Depths:3)
  5 ancient champions
  20 Executioners
  An eldritch tentacle (Tar:4)
  A thorn hunter (Swamp:4)
  3 shadow dragons
  3 tentacled starspawn
  Donald (Spider:3)
  Kirke (D:12)
  A revenant (Abyss:4)
  6 azure jellies
  7 tengu reavers
  5 storm dragons
  4 frost giants
  14 blood saints (Pan)
  3 fire giants
  14 vault wardens
  An orc warlord (Orc:2)
  8 iron dragons
  5 ghost moths
  8 warmongers (Pan)
  14 cacodemons
  Aizul (Depths:2)
  35 balrugs
  8 deep elf sorcerers
  8 emperor scorpions
  A deep elf elementalist (Elf:3)
  The ghost of arkorax the Fencer, a journeyman MiMo of Cheibriados (Depths:1)
  A draconian shifter (Abyss:5)
  The ghost of Rhok the Impaler, a journeyman DsGl of Hepliaklqana (Spider:1)
  20 stone giants
  A spriggan defender (Depths:3)
  An elemental wellspring (Coc:7)
  5 ironheart preservers
  20 very ugly things
  A curse skull (Pan)
  48 reapers
  9 war gargoyles
  4 entropy weavers
  2 vampire knights
  10 deep elf demonologists
  10 deep elf annihilators
  12 corrupters (Pan)
  The ghost of flows the Brawler, a journeyman TrMo of Trog (Lair:4)
  The ghost of Tungsten the Destroyer, a journeyman KoCj of Sif Muna (Lair:4)
  6 black suns
  3 spark wasps (Spider:4)
  6 lorocyprocas
  8 dire elephants
  16 ettins
  A merfolk javelineer (Depths:2)
  12 green deaths
  6 deep elf death magi (Elf:3)
  A crystal guardian (Vaults:5)
  2 eidola (Tar:7)
  13 fire dragons
  Snorg (Orc:2)
  A minotaur (Lab)
  5 deep elf high priests
  5 death oozes
  20 blizzard demons
  2 quicksilver dragon zombies
  15 great orbs of eyes
  11 ogre magi
  A mummy priest (Hell)
  9 rakshasas
  27 vault guards
  2 quicksilver dragon skeletons
  A jiangshi (Tar:2)
  22 yaktaur captains
  12 ice dragons
  4 hell beasts
  10 monstrous demonspawn (Pan)
  2 ghost crabs
  22 hydras
  A catoblepas (Lair:6)
  12 centaur warriors
  42 two-headed ogres
  5 alligators
  A satyr (shapeshifter) (Depths:3)
  9 dancing weapons
  8 deep troll shamans
  A death knight (Zig:7)
  8 tengu warriors
  8 death yaks
  2 satyrs (Zig:6)
  6 hell hogs
  4 orc high priests (Orc:2)
  9 deep troll earth magi
  8 spriggan berserkers
  Urug (D:12)
  5 iron golems
  A naga sharpshooter (Zig:6)
  33 hell knights
  14 deep elf knights
  5 storm dragon zombies
  20 soul eaters
  2 titan zombies
  4 thrashing horrors (Abyss:4)
  A vampire mage (Zig:2)
  5 spriggans
  A spectral spriggan (Zig:7)
  3 fire crabs (Swamp:4)
  4 wretched stars
  51 sun demons
  6 iron trolls
  5 titan skeletons
  A spatial maelstrom (Abyss:5)
  14 sixfirhies (Pan)
  52 skeletal warriors
  15 shadow wraiths
  A salamander mystic (Depths:4)
  A spark wasp zombie (Hell)
  4 swamp dragons
  8 torturous demonspawn (Pan)
  10 deep trolls
  An unseen horror (D:13)
  3 golden dragon zombies
  7 infernal demonspawn (Pan)
  20 shadow demons
  2 storm dragon skeletons
  6 flayed ghosts
  A spriggan druid (Swamp:4)
  A shambling mangrove (Swamp:3)
  9 deep elf archers
  13 gelid demonspawn (Pan)
  A tengu zombie (Zig:10)
  3 anaconda zombies
  3 glowing orange brains
  3 golden dragon skeletons
  11 phantasmal warriors
  6 wizards
  An obsidian statue (Zig:6)
  A lindwurm (Lair:6)
  5 anaconda skeletons
  An iron dragon zombie (Tar:4)
  8 orb spiders
  29 wolf spiders
  8 ironbrand convokers
  7 orc knights
  4 wolf spider zombies
  3 harpies (Vaults:4)
  14 necromancers
  3 shadow dragon zombies
  7 shining eyes
  41 deep elf magi
  3 shadow dragon skeletons
  3 cyclopes
  28 ugly things
  6 frost giant zombies
  A faun (Zig:6)
  2 sphinx skeletons (Depths:4)
  5 fire giant zombies
  2 worldbinders
  A faun (shapeshifter) (Depths:2)
  7 salamanders
  3 stone giant zombies
  2 tengu skeletons
  4 moths of wrath
  6 black mambas
  3 dire elephant zombies
  9 elephants
  4 ice statues
  4 frost giant skeletons
  5 iron dragon skeletons
  4 centaur zombies
  Maurice (D:12)
  A stone giant skeleton (Geh:2)
  A shock serpent zombie (Coc:7)
  4 fire giant skeletons
  2 eyes of devastation
  A gargoyle (D:15)
  A titan simulacrum (Coc:7)
  17 rust devils
  40 smoke demons
  A torpor snail (Spider:2)
  7 vault sentinels
  A storm dragon simulacrum (Coc:7)
  2 molten gargoyles
  16 orange demons (Pan)
  12 spiny frogs
  A spriggan skeleton (Depths:4)
  22 hellions
  7 efreet
  A purple draconian zombie (Geh:4)
  4 rime drakes
  2 shock serpent skeletons
  4 elf skeletons (Depths:4)
  A catoblepas zombie (Geh:7)
  35 tormentors
  An elf zombie (Zig:10)
  24 ice devils
  6 komodo dragons
  25 demonic crawlers
  2 yaktaur skeletons (Vaults:5)
  17 freezing wraiths
  58 yaktaurs
  2 anaconda simulacra
  20 red devils
  5 tengu conjurers (Depths:2)
  3 silent spectres
  14 hellwings
  2 ancient zymes
  6 hydra zombies
  32 jumping spiders
  2 polar bears
  A meliai (shapeshifter) (Vaults:4)
  4 trolls
  A hornet (shapeshifter) (Depths:4)
  17 hornets
  A queen bee (shapeshifter) (Vaults:5)
  5 tyrant leeches
  A jumping spider (shapeshifter) (Depths:2)
  5 blink frogs (Lair:4)
  A harpy skeleton (Geh:6)
  The ghost of confidenceinterval the Insei, an amateur DsTm (D:4)
  102 slime creatures
  4 alligator zombies
  8 hydra skeletons
  4 raiju (Abyss:1)
  Prince Ribbit (D:5)
  5 hippogriffs
  5 bog bodies
  3 dream sheep (Lair:3)
  2 spriggan zombies
  2 black mamba zombies
  An ice dragon zombie (Tar:2)
  2 fire dragon zombies
  4 ettin zombies
  8 starcursed masses (Abyss:1)
  32 flying skulls
  2 alligator skeletons (Coc:7)
  3 ice dragon skeletons (Coc:7)
  69 redbacks
  A redback (shapeshifter) (Depths:2)
  A centaur simulacrum (D:14)
  2 vampires
  15 wraiths
  5 ettin skeletons
  11 shadows
  3 wyverns
  36 yaks
  21 water elementals
  12 tarantellas
  A tarantella (shapeshifter) (Vaults:2)
  4 air elementals
  A human (D:12)
  27 ynoxinuls
  2 basilisks
  2 yaks (shapeshifter)
  5 hungry ghosts
  2 black mamba skeletons
  12 fire elementals
  3 fire bats (Abyss:1)
  7 golden eyes
  11 neqoxecs (Pan)
  2 yaktaur simulacra
  A steam dragon (Swamp:4)
  A hog (D:12)
  11 vampire mosquitoes
  A hog (shapeshifter) (Vaults:3)
  22 chaos spawn (Pan)
  6 swamp worms
  Menkaure (D:7)
  3 wargs (Orc:2)
  A soldier ant (shapeshifter) (Vaults:3)
  2 insubstantial wisps
  29 large abominations
  A swamp worm (shapeshifter) (Vaults:5)
  5 spiny frog zombies
  5 porcupines
  9 water moccasins
  20 hell hounds
  3 hydra simulacra
  A merfolk skeleton (Geh:3)
  A floating eye (shapeshifter) (Vaults:5)
  2 spiny frog skeletons
  41 orc warriors
  13 swamp drakes
  A snapping turtle zombie (Dis:7)
  3 black bears
  A manticore zombie (Dis:3)
  A swamp dragon zombie (Geh:4)
  4 ice beasts
  6 phantoms
  5 sky beasts
  3 eyes of draining
  10 necrophages
  40 ogres
  4 wolves (Lair:6)
  20 centaurs
  3 snapping turtle skeletons
  6 boggarts
  7 crocodiles
  A big kobold (D:11)
  2 wyvern zombies (D:13)
  A human zombie (Vaults:5)
  8 bullfrogs
  4 small abominations
  A spiny frog simulacrum (Hell)
  A wyvern skeleton (D:10)
  4 killer bees (D:10)
  2 troll zombies (D:10)
  A human simulacrum (Vaults:1)
  2 snapping turtle simulacra
  24 wights
  3 howler monkeys
  3 electric eels
  17 crimson imps
  5 hounds
  6 jellies
  4 lava snakes (Lab)
  23 orc priests
  A bullfrog skeleton (D:11)
  5 centaur skeletons
  A gnoll shaman (D:9)
  16 iron imps
  19 orc wizards
  An iguana (D:5)
  3 human skeletons
  11 worker ants
  5 ogre zombies (D:10)
  A hound zombie (D:5)
  A naga skeleton (Geh:4)
  A hound skeleton (D:6)
  3 mummies
  16 gnolls
  A howler monkey skeleton (D:9)
  18 adders
  12 shadow imps
  15 white imps
  6 ufetubi (IceCv)
  An ooze (D:2)
  An adder zombie (Ossuary)
  An adder skeleton (D:9)
  2 worms
  3 leopard geckos
  119 orcs
  2 ball pythons (D:3)
  4 giant cockroaches
  7 hobgoblins
  4 jackals (D:2)
  8 kobolds
  2 quokkas
  9 bats
  4 frilled lizards
  8 goblins
  A goblin skeleton (D:10)
  2 goblin zombies (D:10)
  4 hobgoblin skeletons (D:10)
  A hobgoblin zombie (D:10)
  2 kobold zombies (Ossuary)
  A leopard gecko skeleton (D:6)
  A leopard gecko zombie (D:8)
  6 orc skeletons
  16 orc zombies
  A quokka zombie (D:5)
  7 rats
  2 crawling corpses (Vaults:5)
  5 starspawn tentacles (Abyss:1)
3070 creatures vanquished.

Vanquished Creatures (collateral kills)
  the Royal Jelly (Slime:5)
  2 Ice Fiends
  A fire giant (Geh:7)
  A balrug (Geh:7)
  3 reapers
  2 blizzard demons
  A green death (Dis:7)
  A great orb of eyes (Slime:5)
  A jiangshi (Tar:2)
  4 ice dragons (Coc:7)
  A hell hog (Geh:7)
  A vampire mage (Tar:1)
  A sun demon (Hell)
  A titan skeleton (Coc:7)
  A storm dragon zombie (Geh:2)
  5 hell knights
  9 skeletal warriors
  A shadow demon (Tar:7)
  2 stone giant zombies
  A shadow dragon zombie (Coc:7)
  3 orb spiders
  A wolf spider zombie (Dis:7)
  A sphinx zombie (Hell)
  An iron dragon zombie (Geh:2)
  A fire giant zombie (Dis:7)
  3 shining eyes
  A frost giant zombie (Hell)
  2 rust devils (Hell)
  An emperor scorpion zombie (Coc:7)
  A storm dragon simulacrum (Coc:7)
  A spriggan zombie (Hell)
  A freezing wraith (Coc:7)
  2 tormentors
  An anaconda simulacrum (Coc:7)
  4 ice devils
  9 red devils
  A harpy zombie (Coc:7)
  A hydra zombie (Dis:6)
  2 hydra skeletons (Coc:7)
  An ettin zombie (Dis:7)
  A hippogriff (Lair:3)
  A dream sheep (Lair:3)
  2 ice dragon zombies
  5 flying skulls
  2 shadows
  3 fire elementals
  A wraith (Coc:3)
  A swamp worm (Swamp:2)
  9 hell hounds
  2 ice beasts
  A snapping turtle skeleton (Tar:5)
  7 wights (Geh:2)
  An iron imp (Dis:7)
  2 shadow imps (Tar:2)
  An orc zombie (Geh:2)
117 creatures vanquished.

Vanquished Creatures (others)
  3 eldritch tentacles
  A fire giant (Depths:4)
  2 elemental wellsprings
  A black sun (Pan)
  A deep elf annihilator (Pan)
  A blizzard demon (Coc:7)
  A yaktaur captain (Vaults:4)
  A hydra (Swamp:4)
  A rakshasa (Pan)
  An ice dragon (Vaults:4)
  A thrashing horror (Abyss:4)
  A skeletal warrior (Zig:8)
  A glowing orange brain (Pan)
  2 swamp dragons (Swamp:4)
  2 yaktaurs (Vaults:4)
  A hellwing (Pan)
  A harpy skeleton (Coc:7)
  An ice dragon zombie (Geh:7)
  2 flying skulls (Coc:3)
  A wraith (Coc:3)
  A tarantella (Spider:2)
  A chaos spawn (Pan)
  2 fire bats
  A steam dragon (Swamp:4)
  A large abomination (Pan)
  A hell hound (Geh:5)
  A necrophage (Geh:2)
  3 wights
  4 white imps
  2 ufetubi (IceCv)
  2 ball lightnings (Pan)
  2 demonic plants (Pan)
  2 fungi
  A lurking horror (Abyss:2)
  11 plants
  9 starspawn tentacles
70 creatures vanquished.

Grand Total: 3257 creatures vanquished

Notes
Turn   | Place    | Note
-------+----------+-------------------------------------------
     0 | D:1      | 4thArraOfDagon the Demigod Fighter began the quest for the Orb.
     0 | D:1      | Reached XP level 1. HP: 18/18 MP: 3/3
     6 | D:1      | You fall through a shaft!
     7 | D:2      | :O
    52 | D:1      | time to win
    79 | D:1      | Reached skill level 2 in Unarmed Combat
   180 | D:1      | Reached XP level 2. HP: 24/25 MP: 4/4
   366 | D:2      | Reached XP level 3. HP: 24/31 MP: 5/5
   454 | D:2      | Reached skill level 3 in Unarmed Combat
   944 | D:3      | Reached XP level 4. HP: 38/38 MP: 6/6
  1162 | D:3      | Reached skill level 1 in Evocations
  1235 | D:3      | Reached skill level 4 in Unarmed Combat
  1270 | D:3      | Found a sacrificial altar of Ru.
  1270 | D:3      | Found a burning altar of Makhleb.
  1526 | D:3      | Reached XP level 5. HP: 45/45 MP: 7/9
  1664 | D:4      | Noticed a phantom
  1790 | D:4      | Found Mur Vusch's General Store.
  1805 | D:4      | Noticed confidenceinterval's ghost (amateur DsTm)
  1825 | D:4      | Killed confidenceinterval's ghost
  1825 | D:4      | Reached skill level 5 in Unarmed Combat
  1825 | D:4      | Reached XP level 6. HP: 51/51 MP: 9/11
  2001 | D:4      | Reached skill level 1 in Dodging
  2032 | D:4      | Found Myxzyid's Magic Scroll Boutique.
  2043 | D:4      | Bought a scroll of identify for 24 gold pieces
  2043 | D:4      | Bought a scroll of teleportation for 36 gold pieces
  2048 | D:4      | Found Coixtuca's General Store.
  2135 | D:4      | Found a sparkling altar of Nemelex Xobeh.
  2142 | D:4      | Found Gurch's Armour Shoppe.
  2267 | D:5      | Entered Level 5 of the Dungeon
  2282 | D:5      | Found a basalt altar of Yredelemnul.
  2285 | D:5      | Reached XP level 7. HP: 57/57 MP: 12/12
  2616 | D:5      | Reached skill level 6 in Unarmed Combat
  2659 | D:5      | Noticed Prince Ribbit
  2669 | D:5      | Killed Prince Ribbit
  2788 | D:5      | Reached XP level 8. HP: 42/67 MP: 13/13
  2866 | D:5      | Noticed Dowan
  2867 | D:5      | Noticed Duvessa
  3043 | D:6      | Reached skill level 7 in Unarmed Combat
  3299 | D:6      | Found a shimmering altar of Xom.
  3674 | D:7      | Reached skill level 5 in Fighting
  3675 | D:7      | Noticed Menkaure
  3684 | D:7      | Killed Menkaure
  3685 | D:7      | Gained mutation: You are partially covered in yellow scales. (AC +2) [mutagenic meat]
  3686 | D:7      | Gained mutation: Your body sometimes deteriorates upon taking damage. [mutagenic meat]
  3687 | D:7      | Gained mutation: You passively map a small area around you. [mutagenic meat]
  3709 | D:7      | Found a runed door.
  3740 | D:7      | Reached skill level 8 in Unarmed Combat
  4139 | D:7      | Reached XP level 9. HP: 74/74 MP: 14/14
  4196 | D:7      | Lost mutation: Your body sometimes deteriorates upon taking damage. [mutagenic meat]
  4197 | D:7      | Gained mutation: You tend to lose your temper in combat. [mutagenic meat]
  4198 | D:7      | Gained mutation: You have a pair of small horns on your head. [mutagenic meat]
  4461 | D:8      | Found a shattered altar of Ashenzari.
  4481 | D:8      | Found a sand-covered staircase.
  4486 | Ossuary  | Entered an ossuary
  4525 | Ossuary  | Reached skill level 9 in Unarmed Combat
  4582 | Ossuary  | Reached skill level 5 in Dodging
  4755 | D:8      | Found an iron altar of Okawaru.
  4823 | D:8      | Gained mutation: You are weak. (Str -2) [mutagenic meat]
  4824 | D:8      | Gained mutation: You are dopey. (Int -2) [mutagenic meat]
  4825 | D:8      | Gained mutation: Your system is resistant to poisons. (rPois) [mutagenic meat]
  4834 | D:8      | Found a hide-covered altar of Uskayaw.
  4873 | D:8      | Found a hazy altar of Hepliaklqana.
  5296 | D:9      | Reached skill level 10 in Unarmed Combat
  5343 | D:9      | Reached XP level 10. HP: 84/84 MP: 15/15
  5509 | D:10     | Entered Level 10 of the Dungeon
  5601 | D:4      | Bought a book of Changes for 275 gold pieces
  5607 | D:4      | Learned a level 5 spell: Blade Hands
  5849 | D:10     | Noticed a two-headed ogre
  5874 | D:10     | Killed a two-headed ogre
  5874 | D:10     | Reached skill level 1 in Spellcasting
  5874 | D:10     | Reached skill level 1 in Transmutations
  5938 | D:10     | Learned a level 3 spell: Regeneration
  5941 | D:10     | Learned a level 2 spell: Song of Slaying
  6036 | D:10     | Gained mutation: You are mostly covered in yellow scales. (AC +3) [mutagenic meat]
  6037 | D:10     | Gained mutation: You have a pair of horns on your head. [mutagenic meat]
  6038 | D:10     | Gained mutation: Potions are less effective at restoring your health. [mutagenic meat]
  6039 | D:10     | Gained mutation: You are somewhat resistant to further mutation. [mutagenic meat]
  6062 | D:10     | Noticed a two-headed ogre
  6072 | D:10     | Killed a two-headed ogre
  6072 | D:10     | Reached skill level 1 in Charms
  6072 | D:10     | Reached skill level 1 in Necromancy
  6339 | D:11     | Noticed a cyan ugly thing
  6385 | D:11     | Found a labyrinth entrance.
  6391 | Lab      | Entered a labyrinth
  6400 | Lab      | Reached skill level 11 in Unarmed Combat
  6707 | Lab      | Reached XP level 11. HP: 66/92 MP: 17/17
  6758 | Lab      | Noticed a minotaur
  6776 | Lab      | Killed a minotaur
  6779 | Lab      | Got a pitted spear {pierce}
  6889 | D:11     | Found a staircase to the Lair.
  7054 | D:12     | Noticed a two-headed ogre
  7066 | D:12     | Killed a two-headed ogre
  7097 | D:12     | Noticed an orc knight
  7124 | D:12     | Killed an orc knight
  7130 | D:12     | Found a roughly hewn altar of Beogh.
  7246 | D:12     | Got a faintly glowing leather armour
  7255 | D:12     | Learned a level 2 spell: Sublimation of Blood
  7291 | D:12     | Noticed Maurice
  7308 | D:12     | Killed Maurice
  7350 | D:12     | Noticed Urug
  7382 | D:12     | Killed Urug
  7454 | D:12     | Found an iron altar of Okawaru.
  7532 | D:11     | Noticed a two-headed ogre
  7556 | D:11     | Killed a two-headed ogre
  7646 | D:11     | Reached skill level 5 in Transmutations
  7918 | D:12     | Noticed Kirke
  7932 | D:12     | Killed Kirke
  7932 | D:12     | Reached skill level 5 in Charms
  7932 | D:12     | Reached skill level 5 in Necromancy
  7951 | D:12     | Reached XP level 12. HP: 92/101 MP: 20/20
  8119 | D:13     | Noticed a centaur warrior
  8135 | D:13     | Killed a centaur warrior
  8158 | D:13     | Noticed a vault guard
  8167 | D:13     | Killed a vault guard
  8212 | D:13     | Found a gate to the Vaults.
  8341 | D:13     | Noticed a seven-headed hydra
  8350 | D:13     | Killed a seven-headed hydra
  8458 | D:13     | Gained mutation: You have sharp toenails. [mutagenic meat]
  8511 | D:13     | Noticed a centaur warrior
  8522 | D:13     | Killed a centaur warrior
  8565 | D:13     | Noticed a centaur warrior
  8585 | D:13     | Killed a centaur warrior
  8812 | D:13     | Reached skill level 5 in Spellcasting
  8923 | D:13     | Noticed a rakshasa
  8946 | D:14     | Found a portal to a secret trove of treasure.
  9081 | D:10     | Found a staircase to the Orcish Mines.
  9186 | Orc:1    | Entered Level 1 of the Orcish Mines
  9567 | Orc:2    | Entered Level 2 of the Orcish Mines
  9695 | Orc:2    | Found Laeh's Armour Boutique.
  9703 | Orc:2    | Reached XP level 13. HP: 107/107 MP: 25/25
  9730 | Orc:2    | Found Utunaz's Antique Weapon Shop.
 10360 | Orc:2    | Noticed an orc warlord
 10384 | Orc:2    | Reached skill level 10 in Transmutations
 10396 | Orc:2    | Killed an orc warlord
 10428 | Orc:2    | Found a roughly hewn altar of Beogh.
 10511 | Orc:2    | Found Zeiplukao's Assorted Antiques.
 10523 | Orc:2    | Bought a scroll of teleportation for 93 gold pieces
 10523 | Orc:2    | Bought a scroll of teleportation for 93 gold pieces
 10624 | Orc:2    | Found Liacevua's Weapon Emporium.
 10874 | Lair:1   | Entered Level 1 of the Lair of Beasts
 10939 | Lair:1   | Identified the +1 leather armour of the Swan {rC++ Str+2} (You found it on level 12 of the Dungeon)
 11032 | Lair:2   | Identified a scroll of acquirement
 11033 | Lair:2   | Got a coiled glass ring
 11035 | Lair:2   | Identified the ring of Reri {rPois MR+} (You acquired it on level 2 of the Lair of Beasts)
 11084 | Lair:2   | Learned a level 2 spell: Blink
 11533 | Lair:3   | MISSCLICK
 11740 | Lair:4   | You fall through a shaft for 2 floors!
 11740 | Lair:6   | Entered Level 6 of the Lair of Beasts
 11857 | Lair:6   | Found a frozen archway.
 11873 | IceCv    | Entered an ice cave
 12077 | IceCv    | Noticed a reaper
 12098 | IceCv    | Killed a reaper
 12122 | IceCv    | Got a shimmering demon trident
 12130 | IceCv    | Got a heavily runed iron amulet
 12179 | IceCv    | Identified the cursed +1 demon trident of the Gnat {drain, Dex+2} (You found it in an ice cave)
 12181 | IceCv    | Identified the +4 spear of Battle {pierce, rC++} (You took it off a minotaur in a labyrinth)
 12190 | IceCv    | Identified the amulet "Cenlicorog" {Regen+ MP+9 Str+7 Int+3 Dex+2} (You found it in an ice cave)
 12358 | Lair:6   | Reached XP level 14. HP: 115/115 MP: 31/31
 12825 | Lair:5   | Found a viscous altar of Jiyva.
 12825 | Lair:5   | Found a staircase to the Slime Pits.
 12834 | Lair:5   | Got a crude brass ring
 12836 | Lair:5   | Identified the ring of Heso {+Blink rC+++ MP+9 Int-5 SInv} (You found it on level 5 of the Lair of Beasts)
 12935 | Lair:5   | Reached skill level 12 in Unarmed Combat
 13178 | Lair:4   | Noticed flows's ghost (journeyman TrMo)
 13188 | Lair:4   | Killed flows's ghost
 13304 | Lair:3   | Found a hole to the Spider Nest.
 13655 | Orc:2    | Noticed Snorg
 13668 | Orc:2    | Killed Snorg
 13846 | Orc:2    | Found a staircase to the Elven Halls.
 13851 | Elf:1    | Entered Level 1 of the Elven Halls
 13883 | Elf:3    | Entered Level 3 of the Elven Halls
 13944 | Elf:3    | Reached skill level 13 in Unarmed Combat
 14180 | Elf:3    | Noticed a deep elf sorcerer
 14184 | Elf:3    | Noticed a deep elf sorcerer
 14203 | Elf:3    | Killed a deep elf sorcerer
 14207 | Elf:3    | Killed a deep elf sorcerer
 14257 | Elf:3    | Noticed a deep elf elementalist
 14265 | Elf:3    | Killed a deep elf elementalist
 14287 | Elf:3    | Reached skill level 14 in Unarmed Combat
 14415 | Elf:3    | Reached XP level 15. HP: 121/121 MP: 32/33
 14538 | Elf:3    | Noticed a deep elf master archer
 14549 | Elf:3    | Killed a deep elf master archer
 14580 | Elf:3    | Reached skill level 15 in Unarmed Combat
 14842 | Elf:3    | Got a scintillating silver ring
 14844 | Elf:3    | Identified the ring "Lec Urak" {Str+3 Slay+2} (You took it off a deep elf sorcerer on level 3 of the Elven Halls)
 15010 | Elf:3    | Noticed an Executioner
 15038 | Elf:3    | Noticed a deep elf blademaster
 15041 | Elf:3    | Noticed a deep elf master archer
 15046 | Elf:3    | Killed a deep elf master archer
 15049 | Elf:3    | Noticed a deep elf blademaster
 15050 | Elf:3    | Noticed a deep elf blademaster
 15051 | Elf:3    | Noticed a deep elf master archer
 15141 | Elf:3    | Killed a deep elf blademaster
 15162 | Elf:3    | Killed a deep elf blademaster
 15179 | Elf:3    | Killed a deep elf blademaster
 15200 | Elf:3    | Got a blackened chain mail
 15290 | Elf:3    | Killed a deep elf master archer
 15469 | Elf:3    | Noticed an Ice Fiend
 15532 | Elf:3    | Identified the Almanac of the Glacier and the Rocks
 15540 | Elf:3    | Learned a level 6 spell: Statue Form
 15540 | Elf:3    | Identified the Papyrus of the Twisted Blaze
 15543 | Elf:3    | Learned a level 1 spell: Apportation
 15562 | Elf:3    | Learned a level 4 spell: Control Undead
 15567 | Elf:3    | Learned a level 4 spell: Animate Dead
 15591 | Elf:3    | Identified the +8 chain mail of the Evening {MR+} (You took it off a deep elf blademaster on level 3 of the Elven Halls)
 15653 | Elf:3    | Noticed an Executioner
 15733 | Elf:3    | Reached skill level 1 in Earth Magic
 15782 | Elf:3    | Reached skill level 16 in Unarmed Combat
 15819 | Elf:3    | Found Sitaopes's Gadget Emporium.
 15971 | Elf:2    | Reached XP level 16. HP: 132/132 MP: 34/34
 16000 | Elf:2    | Found a runed gate.
 16000 | Elf:2    | Found a runed gate.
 16000 | Elf:2    | Found a runed gate.
 16019 | Elf:2    | Reached skill level 5 in Earth Magic
 16343 | Lair:3   | Lost mutation: You passively map a small area around you. [potion of mutation]
 16343 | Lair:3   | Lost mutation: Your system is resistant to poisons. (rPois) [potion of mutation]
 16343 | Lair:3   | Lost mutation: You are dopey. (Int -2) [potion of mutation]
 16343 | Lair:3   | Lost mutation: You are weak. (Str -2) [potion of mutation]
 16344 | Lair:3   | Lost mutation: You tend to lose your temper in combat. [potion of mutation]
 16344 | Lair:3   | Lost mutation: You have sharp toenails. [potion of mutation]
 16344 | Lair:3   | Lost mutation: You have a pair of horns on your head. [potion of mutation]
 16344 | Lair:3   | Lost mutation: You have a pair of small horns on your head. [potion of mutation]
 16344 | Lair:3   | Gained mutation: Your mind is acute. (Int +2) [potion of mutation]
 16404 | Spider:1 | Entered Level 1 of the Spider Nest
 16404 | Spider:1 | Noticed Rhok's ghost (journeyman DsGl)
 16435 | Spider:1 | Killed Rhok's ghost
 16453 | Spider:1 | Got a pitted scarf
 16494 | Spider:1 | Identified the scarf of Sooloh {rC+} (You found it on level 1 of the Spider Nest)
 16614 | Spider:2 | Noticed Asterion
 16628 | Spider:2 | Killed Asterion
 16658 | Spider:2 | Noticed Nikola
 16670 | Spider:2 | Killed Nikola
 16889 | Spider:2 | Upgraded the game from 0.21-a0-396-ga924934 to 0.21-a0-400-g417d9d2
 16996 | Spider:1 | Reached skill level 10 in Earth Magic
 17111 | Spider:3 | Noticed Mara
 17115 | Spider:3 | Noticed 4thArraOfDagon's illusion
 17115 | Spider:3 | Noticed Donald
 17124 | Spider:3 | Killed Donald
 17144 | Spider:3 | Killed Mara
 17157 | Spider:3 | Got an encrusted shield {Donald}
 17168 | Spider:3 | Identified the +2 shield "Maameomm" {Int+3} (You took it off Donald on level 3 of the Spider Nest)
 17316 | Spider:4 | Entered Level 4 of the Spider Nest
 17325 | Spider:4 | Reached skill level 1 in Translocations
 17409 | Spider:4 | Noticed Bai Suzhen
 17421 | Spider:4 | Killed Bai Suzhen
 17421 | Spider:4 | Reached skill level 5 in Shields
 17441 | Spider:4 | Reached XP level 17. HP: 93/137 MP: 35/35
 17699 | Spider:4 | Reached skill level 5 in Translocations
 17873 | Spider:4 | Got a gossamer rune of Zot
 18177 | Lair:4   | Found a staircase to the Swamp.
 18209 | Swamp:1  | Entered Level 1 of the Swamp
 18337 | Swamp:1  | Found an ornate altar of the Wu Jian Council.
 18461 | Swamp:3  | Reached skill level 10 in Shields
 18494 | Swamp:4  | Entered Level 4 of the Swamp
 18698 | Swamp:4  | Got a decaying rune of Zot
 19011 | Lair:4   | Noticed Tungsten's ghost (journeyman KoCj)
 19025 | Lair:4   | Killed Tungsten's ghost
 19036 | Lair:4   | Found the +0 pair of fencer's gloves {+Riposte Dex+3}
 19258 | D:4      | Bought the +0 helmet of Imeyc {rCorr Str+6} for 326 gold pieces
 19507 | Slime:1  | Entered Level 1 of the Pits of Slime
 19552 | Slime:1  | Reached XP level 18. HP: 145/145 MP: 36/36
 19844 | Slime:5  | Entered Level 5 of the Pits of Slime
 20275 | Slime:5  | Found a viscous altar of Jiyva.
 20280 | Slime:5  | Noticed the Royal Jelly
 20292 | Slime:5  | Killed the Royal Jelly
 20292 | Slime:5  | Reached skill level 15 in Shields
 20533 | Slime:5  | Identified the +0 pair of gloves "Jighuank" {rF+ rC+ Dex+2} (You found it on level 5 of the Pits of Slime)
 20534 | Slime:5  | Got a dazzling war axe
 20534 | Slime:5  | Got a slimy rune of Zot
 20539 | Slime:5  | Identified the +12 war axe "Nioluq" {speed, Str+3} (You found it on level 5 of the Pits of Slime)
 20837 | Vaults:1 | Entered Level 1 of the Vaults
 20898 | Vaults:2 | Reached skill level 1 in Axes
 20970 | Vaults:1 | Reached XP level 19. HP: 151/151 MP: 37/37
 21169 | Vaults:2 | Reached skill level 5 in Axes
 21435 | Vaults:4 | Noticed Margery
 21442 | Vaults:4 | Killed Margery
 21470 | Vaults:4 | Noticed Mennas
 21796 | Vaults:3 | Reached skill level 10 in Axes
 22121 | Vaults:5 | Entered Level 5 of the Vaults
 22121 | Vaults:5 | Noticed Jory
 22125 | Vaults:5 | Found Rimnere's Distillery.
 22131 | Vaults:5 | Bought a potion of brilliance for 44 gold pieces
 22131 | Vaults:5 | Bought a potion of curing for 33 gold pieces
 22131 | Vaults:5 | Bought a potion of haste for 110 gold pieces
 22131 | Vaults:5 | Bought a potion of mutation for 88 gold pieces
 22131 | Vaults:5 | Bought a potion of mutation for 88 gold pieces
 22131 | Vaults:5 | Bought a potion of haste for 110 gold pieces
 22131 | Vaults:5 | Bought a potion of haste for 110 gold pieces
 22131 | Vaults:5 | Bought a potion of curing for 33 gold pieces
 22131 | Vaults:5 | Bought a potion of mutation for 88 gold pieces
 22184 | Vaults:5 | Cast into level 2 of the Abyss (a deep elf sorcerer)
 22338 | Abyss:2  | Noticed a bone dragon
 22349 | Abyss:2  | Killed a bone dragon
 22379 | Vaults:5 | Escaped the Abyss
 22385 | Vaults:5 | Reached XP level 20. HP: 158/158 MP: 38/38
 22582 | Vaults:5 | Found Xugoyzxuown's Distillery.
 22582 | Vaults:5 | Found Jesch's Distillery.
 22589 | Vaults:5 | Bought a potion of heal wounds for 85 gold pieces
 22589 | Vaults:5 | Bought a potion of heal wounds for 85 gold pieces
 22589 | Vaults:5 | Bought a potion of curing for 51 gold pieces
 22589 | Vaults:5 | Bought 2 potions of ambrosia for 272 gold pieces
 22589 | Vaults:5 | Bought a potion of cancellation for 136 gold pieces
 22589 | Vaults:5 | Bought a potion of haste for 170 gold pieces
 22715 | Vaults:5 | Bought a potion of might for 96 gold pieces
 22715 | Vaults:5 | Bought a potion of curing for 72 gold pieces
 22715 | Vaults:5 | Bought a potion of heal wounds for 120 gold pieces
 22715 | Vaults:5 | Bought a potion of curing for 72 gold pieces
 22715 | Vaults:5 | Bought a potion of curing for 72 gold pieces
 22772 | Vaults:5 | Killed Jory
 22882 | Vaults:5 | Reached skill level 15 in Axes
 23024 | Vaults:5 | Identified the +2 pair of gloves "Ocozyjuxt" {Int+7 Stlth-} (You found it on level 5 of the Vaults)
 23050 | Vaults:5 | Found Cehepsai's Antique Armour Shoppe.
 23055 | Vaults:5 | HP: 3/205 [fire giant/bolt of fire (43)]
 23067 | Vaults:5 | Cast into level 4 of the Abyss (a lich)
 23256 | Vaults:5 | Escaped the Abyss
 23551 | Vaults:5 | Reached XP level 21. HP: 160/165 MP: 16/39
 23625 | Vaults:5 | Paralysed by a floating eye for 3 turns
 23630 | Vaults:5 | Identified the cursed +1 plate armour "Vydar" {Str+4 Dex+4} (You took it off a vault warden on level 5 of the Vaults)
 23691 | Vaults:5 | Got a silver rune of Zot
 23827 | Vaults:5 | Found Xeudiupe's Antique Armour Boutique.
 23832 | Vaults:5 | Bought a transparent helmet for 437 gold pieces
 23832 | Vaults:5 | Identified the +2 helmet "Ciazuomm" {MP+9 Slay+2 Stlth+} (You bought it in a shop on level 5 of the Vaults)
 24016 | Vaults:4 | Got a scorched turquoise ring
 24043 | Vaults:4 | Identified the ring of the Rose {+Fly rF+++ rN++ Dex-5 Slay+3 SInv} (You found it on level 4 of the Vaults)
 24141 | Vaults:2 | :/
 24272 | D:15     | Entered Level 15 of the Dungeon
 24356 | D:15     | Reached skill level 10 in Dodging
 24398 | D:15     | Noticed Rupert
 24406 | D:15     | Killed Rupert
 24407 | D:15     | Found a staircase to the Depths.
 24426 | D:15     | Reached skill level 10 in Fighting
 24546 | D:15     | Found a glowing golden altar of the Shining One.
 24625 | Depths:1 | Entered Level 1 of the Depths
 24661 | Depths:1 | Reached skill level 17 in Unarmed Combat
 24666 | Depths:1 | Noticed arkorax's ghost (journeyman MiMo)
 24676 | Depths:1 | Killed arkorax's ghost
 24793 | Depths:2 | Found a gateway to Hell.
 24797 | Depths:2 | Noticed Aizul
 24813 | Depths:2 | Killed Aizul
 24816 | Depths:2 | Noticed Sojobo
 24826 | Depths:2 | Killed Sojobo
 25243 | Depths:3 | Found a one-way gate to the infinite horrors of the Abyss.
 25298 | Depths:4 | Reached XP level 22. HP: 140/177 MP: 40/40
 25362 | Depths:5 | Entered Level 5 of the Depths
 25409 | Depths:5 | Noticed a juggernaut
 25414 | Depths:5 | Killed a juggernaut
 25466 | Depths:5 | Reached skill level 18 in Unarmed Combat
 26281 | Depths:2 | Found a gateway to a ziggurat.
 26291 | Zig:1    | Entered Level 1 of a ziggurat
 26305 | Zig:2    | Entered Level 2 of a ziggurat
 26332 | Zig:3    | Entered Level 3 of a ziggurat
 26345 | Zig:3    | Found the +3 sling "Punk" {acid, rCorr}
 26358 | Zig:3    | Identified the Reference Book on the Volcanoes and Transmigration
 26361 | Zig:4    | Entered Level 4 of a ziggurat
 26399 | Zig:5    | Entered Level 5 of a ziggurat
 26427 | Zig:5    | Identified Jumor's Foundations of Rites and Rhymes
 26432 | Zig:5    | Learned a level 3 spell: Lesser Beckoning
 26452 | Zig:6    | Entered Level 6 of a ziggurat
 26463 | Zig:6    | Reached skill level 19 in Unarmed Combat
 26487 | Zig:6    | Identified the Incunabulum of Dusty Fire
 26491 | Zig:6    | Learned a level 2 spell: Passwall
 26496 | Zig:7    | Entered Level 7 of a ziggurat
 26535 | Zig:7    | Reached XP level 23. HP: 189/189 MP: 42/42
 26556 | Zig:7    | Learned a level 5 spell: Lee's Rapid Deconstruction
 26560 | Zig:8    | Entered Level 8 of a ziggurat
 26626 | Zig:8    | Reached skill level 10 in Spellcasting
 26626 | Zig:8    | Reached XP level 24. HP: 195/195 MP: 43/43
 26637 | Zig:9    | Entered Level 9 of a ziggurat
 26703 | Zig:9    | Identified the +2 acid dragon scales "Qaf Jiawk" {+Blink rN+ rCorr} (You found it on level 9 of a ziggurat)
 26708 | Zig:10   | Entered Level 10 of a ziggurat
 26776 | Zig:10   | Identified the Compendium of Spatial Feathers
 26789 | Zig:10   | Learned a level 4 spell: Passage of Golubria
 26990 | Depths:3 | Found a one-way gate leading to the halls of Pandemonium.
 26993 | Depths:3 | Noticed Jorgrun
 27012 | Depths:3 | Killed Jorgrun
 27040 | Depths:3 | Reached skill level 20 in Unarmed Combat
 27064 | Depths:3 | Paralysed by a sphinx for 6 turns
 27081 | Depths:3 | Found a blossoming altar of Fedhas.
 27094 | Depths:3 | Identified the amulet of Usaussih {Spirit rN+ MR+ Int+4} (You took it off a hell knight on level 3 of the Depths)
 27105 | Depths:3 | Identified the Grimoire of Transmutation and the Glacier
 27106 | Depths:3 | Identified the Guide on the Cloudy Snowflakes
 27150 | Pan      | Entered Pandemonium
 27259 | Pan      | Found an exit through the horrors of the Abyss.
 27295 | Pan      | Reached skill level 21 in Unarmed Combat
 27550 | Pan      | Reached skill level 22 in Unarmed Combat
 27574 | Pan      | Noticed Bediagun the pandemonium lord
 27577 | Pan      | Cast into level 5 of the Abyss (Bediagun)
 27577 | Abyss:5  | Entered Level 5 of the Abyss
 27592 | Abyss:5  | Found a corrupted altar of Lugonu.
 27666 | Abyss:5  | Found a corrupted altar of Lugonu.
 27668 | Abyss:5  | Got an abyssal rune of Zot
 27698 | Pan      | Escaped the Abyss
 27954 | Pan      | Entered the realm of Lom Lobon.
 27961 | Pan      | Paralysed by a wizard for 3 turns
 28038 | Pan      | Noticed Lom Lobon
 28040 | Pan      | Got a magical rune of Zot
 28096 | Pan      | Noticed Laorch the pandemonium lord
 28129 | Pan      | Reached skill level 23 in Unarmed Combat
 28235 | Pan      | Noticed Myublawu the pandemonium lord
 28258 | Pan      | Killed Myublawu the pandemonium lord
 28258 | Pan      | Reached XP level 25. HP: 204/204 MP: 43/43
 28285 | Pan      | Identified the cursed ring "Noqogoz" {rElec rF- rC+ Str-5 Int+4} (You took it off a gelid demonspawn in Pandemonium)
 28349 | Pan      | Entered the realm of Mnoleg.
 28384 | Pan      | Reached skill level 5 in Evocations
 28397 | Pan      | Gained mutation: Your body sometimes deteriorates upon taking damage. [a cacodemon]
 28451 | Pan      | Noticed Mnoleg
 28468 | Pan      | Killed Mnoleg
 28470 | Pan      | Gained mutation: Your body often deteriorates upon taking damage. [a neqoxec]
 28490 | Pan      | Gained mutation: You expend magic power (3 MP) to strengthen your wands. [a neqoxec]
 28504 | Pan      | Got a glowing rune of Zot
 28516 | Pan      | Lost mutation: Your body often deteriorates upon taking damage. [potion of mutation]
 28516 | Pan      | Lost mutation: You expend magic power (3 MP) to strengthen your wands. [potion of mutation]
 28516 | Pan      | Gained mutation: You expend magic power (3 MP) to strengthen your wands. [potion of mutation]
 28516 | Pan      | Gained mutation: You are robust. (+10% HP) [potion of mutation]
 28581 | Pan      | Found an exit through the horrors of the Abyss.
 28602 | Pan      | Noticed Lom Lobon
 28665 | Pan      | Entered the realm of Cerebov.
 28688 | Pan      | Noticed Cerebov
 28737 | Pan      | Killed Cerebov
 28765 | Pan      | Reached skill level 15 in Fighting
 28831 | Pan      | Got a fiery rune of Zot
 28940 | Pan      | Entered the realm of Gloorx Vloq.
 29164 | Pan      | Noticed Gloorx Vloq
 29187 | Pan      | Killed Gloorx Vloq
 29207 | Pan      | Got a dark rune of Zot
 29315 | Pan      | Noticed Ecokk the pandemonium lord
 29343 | Pan      | Killed Ecokk the pandemonium lord
 29428 | Pan      | Reached XP level 26. HP: 173/248 MP: 43/43
 29528 | Pan      | Reached skill level 10 in Evocations
 29563 | Pan      | Found an exit through the horrors of the Abyss.
 29754 | Pan      | Noticed Sugar the pandemonium lord
 29765 | Pan      | Killed Sugar the pandemonium lord
 29877 | Pan      | Noticed Kiybakh the pandemonium lord
 29888 | Pan      | Killed Kiybakh the pandemonium lord
 30036 | Pan      | Noticed Demubyt the pandemonium lord
 30058 | Pan      | Killed Demubyt the pandemonium lord
 30105 | Pan      | Got a demonic rune of Zot
 30110 | Pan      | Noticed Lom Lobon
 30125 | Pan      | Gained mutation: You are clumsy. (Dex -2) [a cacodemon]
 30161 | Pan      | Found a runed door.
 30173 | Pan      | Found a runed door.
 30249 | Pan      | :(
 30398 | Pan      | Noticed Cuafremn the pandemonium lord
 30554 | Pan      | Noticed Hyes the pandemonium lord
 30568 | Pan      | Killed Hyes the pandemonium lord
 30799 | Pan      | Noticed Rasuik the pandemonium lord
 30807 | Pan      | Killed Rasuik the pandemonium lord
 30889 | Pan      | Noticed Yshuyteecoa the pandemonium lord
 31013 | Pan      | Found an exit through the horrors of the Abyss.
 31020 | Pan      | Took an exit into the Abyss.
 31020 | Abyss:1  | Escaped into the Abyss
 31035 | Abyss:1  | Found a corrupted altar of Lugonu.
 31214 | Abyss:1  | Reached XP level 27. HP: 273/273 MP: 43/43
 31236 | Depths:3 | Escaped the Abyss
 31295 | Hell     | Entered the Vestibule of Hell
 31295 | Hell     | Noticed Geryon
 31352 | Hell     | Killed Geryon
 31377 | Hell     | Found a gateway to the freezing wastes of Cocytus.
 31393 | Hell     | Reached skill level 15 in Dodging
 31398 | Coc:1    | Entered Level 1 of Cocytus
 31398 | Coc:1    | Found a gateway to Hell.
 31464 | Coc:2    | Found a gateway to Hell.
 31482 | Coc:3    | Found a gateway to Hell.
 31485 | Coc:3    | Found a gateway to Hell.
 31512 | Coc:4    | Found a gateway to Hell.
 31531 | Coc:4    | You fall through a shaft for 2 floors!
 31539 | Coc:7    | Entered Level 7 of Cocytus
 31539 | Coc:7    | Found a gateway to Hell.
 31539 | Coc:7    | Found a gateway to Hell.
 31539 | Coc:7    | Found a gateway to Hell.
 31780 | Coc:7    | Noticed the Serpent of Hell
 31921 | Coc:7    | Noticed 4thArraOfDagon's ghost (legendary MiAK)
 31931 | Coc:7    | HP: 6/357 [4thArraOfDagon's ghost (28)]
 32013 | Coc:7    | Reached skill level 10 in Necromancy
 32171 | Coc:7    | Killed the Serpent of Hell
 32276 | Coc:7    | Got an icy rune of Zot
 32282 | Coc:7    | Noticed Antaeus
 32318 | Hell     | Found a gateway to the decaying netherworld of Tartarus.
 32332 | Tar:1    | Entered Level 1 of Tartarus
 32332 | Tar:1    | Found a gateway to Hell.
 32385 | Tar:2    | Found a gateway to Hell.
 32483 | Tar:2    | You fall through a shaft for 2 floors!
 32524 | Tar:4    | Found a gateway to Hell.
 32586 | Tar:4    | Found a gateway to Hell.
 32759 | Tar:5    | Found a gateway to Hell.
 32760 | Tar:5    | Found a gateway to Hell.
 32838 | Tar:6    | Found a gateway to Hell.
 32878 | Tar:6    | Found a gateway to Hell.
 32994 | Tar:7    | Entered Level 7 of Tartarus
 32994 | Tar:7    | Found a gateway to Hell.
 32994 | Tar:7    | Found a gateway to Hell.
 32994 | Tar:7    | Found a gateway to Hell.
 33090 | Tar:7    | Reached skill level 15 in Earth Magic
 33224 | Tar:7    | Noticed Ereshkigal
 33239 | Tar:7    | Killed Ereshkigal
 33242 | Tar:7    | Got a bone rune of Zot
 33330 | Tar:7    | Learned a level 2 spell: Swiftness
 33401 | Hell     | Found a gateway to the ashen valley of Gehenna.
 33410 | Geh:1    | Entered Level 1 of Gehenna
 33410 | Geh:1    | Found a gateway to Hell.
 33433 | Geh:2    | Found a gateway to Hell.
 33595 | Geh:3    | Found a gateway to Hell.
 33596 | Geh:3    | Found a gateway to Hell.
 33631 | Geh:4    | Found a gateway to Hell.
 33750 | Geh:5    | Found a gateway to Hell.
 33842 | Geh:5    | You fall through a shaft!
 33856 | Geh:6    | Found a gateway to Hell.
 33930 | Geh:6    | Found a gateway to Hell.
 33976 | Geh:6    | Found a gateway to Hell.
 33983 | Geh:7    | Entered Level 7 of Gehenna
 33983 | Geh:7    | Found a gateway to Hell.
 33983 | Geh:7    | Found a gateway to Hell.
 33983 | Geh:7    | Found a gateway to Hell.
 34258 | Geh:7    | Noticed Asmodeus
 34279 | Geh:7    | Got an obsidian rune of Zot
 34333 | Hell     | Found a gateway to the Iron City of Dis.
 34347 | Dis:1    | Entered Level 1 of the Iron City of Dis
 34347 | Dis:1    | Found a gateway to Hell.
 34356 | Dis:1    | You fall through a shaft!
 34360 | Dis:2    | Found a gateway to Hell.
 34407 | Dis:2    | Found a gateway to Hell.
 34445 | Dis:3    | Found a gateway to Hell.
 34581 | Dis:3    | ...
 34612 | Dis:4    | Found a gateway to Hell.
 34685 | Dis:5    | Found a gateway to Hell.
 34696 | Dis:5    | Found a gateway to Hell.
 34741 | Dis:5    | You fall through a shaft!
 34745 | Dis:6    | Found a gateway to Hell.
 34754 | Dis:6    | Found a gateway to Hell.
 34913 | Dis:6    | Found a gateway to Hell.
 34929 | Dis:7    | Entered Level 7 of the Iron City of Dis
 34929 | Dis:7    | Found a gateway to Hell.
 34929 | Dis:7    | Found a gateway to Hell.
 35427 | Dis:7    | Noticed Dispater
 35451 | Dis:7    | HP: 13/357 [Hell Sentinel/damnation[Dispater] (36)]
 35452 | Dis:7    | Killed from afar by a Hell Sentinel

Vault maps used:
D:1:      eino_arrival_tree_alley
D:3:      chequers_temple_overflow_minitemple
D:4:      lemuel_upstairs_altar, serial_shops, shop, shop,
          nicolae_shop_competitors_out_of_business,
          nicolae_shop_temple_entry_statues_fountains, minivault_14,
          nemelex_xobeh_ov_fountains_minmay
D:5:      kennysheep_mini, minmay_temple_entry_fiery, first_bread,
          uniq_prince_ribbit1, uniq_duvessa
D:6:      xom_teletrap_fun, serial_glass, glass_columns_c, glass_columns_a,
          glass_columns_b, glass_columns_b
D:7:      lemuel_insect_pit, grunt_ogre_cave, eino_tiny_chamber, uniq_menkaure
D:8:      eat_drink_and_be_merry_uskayaw, kennysheep_mini_moat,
          lemuel_crystal_altar, enter_ossuary_2, ashenzari_altar_1
D:10:     zombieorc2_lemuel
D:11:     lair_entry_dummy, lab_entry_generic, serial_glass, glass_columns_a,
          glass_columns_a, glass_columns_a, glass_columns_a, glass_columns_a,
          glass_columns_a, glass_columns_c, glass_columns_c, st_stairs_8,
          minmay_misc_feat_rows
D:12:     okawaru_humans, uniq_urug, uniq_kirke, uniq_maurice
D:13:     david_vaults_5, kennysheep_dice
D:14:     enter_trove_2, st_stairs_14, minmay_crystal_box, uniq_frances
D:15:     hangedman_depths_entry_try_elsewhere_first, tso_metal_star,
          uniq_sonja, uniq_rupert
Lair:3:   statuecave_lemuel, nicolae_spider_entry_tight_spaces,
          nicolae_lair_grove_arrangements, grunt_forest_small_clearings
Lair:4:   minmay_swamp_entry_worms, grunt_megastairs_4
Lair:5:   dpeg_slime_entry_enclosed_altar, cheibrodos_lair_reptile_den
Lair:6:   grunt_lair_end_beastmaster, portal_ice_cave_demonic_guard
Swamp:1:  nicolae_swamp_feature_on_the_river_bank, swamp_pool5
Swamp:2:  evilmike_swamp_ruin_rubble_1
Swamp:3:  hangedman_swamp_ruin_wall
Swamp:4:  swamp_fiery
Spider:2: uniq_nikola, uniq_asterion
Spider:3: uniq_mara, uniq_donald
Spider:4: spider_rune_water, uniq_bai_suzhen
Slime:2:  nicolae_slime_welcoming_committee
Slime:4:  nicolae_slime_barrier
Orc:1:    nicolae_orc_accident_3
Orc:2:    pubby_orc_utopia, uniq_snorg
Elf:1:    orc_legates, minivault_26, hex_medium
Elf:2:    serial_shops, nicolae_shop_temple_entry_statues_fountains
Elf:3:    minmay_elf_hall_statues, serial_shops, shop
Vaults:1: nicolae_vaults_border_crossing, ontoclasm_vaults_ring_small,
          hangedman_vaults_variations, vaults_standard_mumra_x, v_misc_13,
          v_pattern_2, v_misc_24, hangedman_vaults_trim,
          nicolae_vaults_sealed_display, hangedman_vaults_impose,
          nicolae_vaults_little_squares_3, nicolae_vaults_ring_of_whatevers
Vaults:2: vaults_dpeg_hooks, hangedman_vaults_nodes,
          nicolae_vaults_puzzle_piece, nicolae_vaults_murderbox,
          grunt_vaults_funnel, v_alt_pattern_4,
          nicolae_vaults_diagonal_hallway_9, v_alt_pattern_4,
          hangedman_vaults_cutoff, vaults_room_corners, hangedman_vaults_nails,
          serial_shops, nicolae_shop_waterfront, serial_glass
Vaults:3: nicolae_vaults_network_square, minmay_crypt_entry_necro_gods,
          ontoclasm_vaults_ring_square, ontoclasm_vaults_ligature,
          nicolae_vaults_ninety_degrees, v_alt_pattern_1, v_misc_26, v_misc_19,
          ontoclasm_vaults_shout
Vaults:4: v_misc_25, vaults_room_ringed_pool, vaults_dpeg_cross,
          ontoclasm_vaults_gateway, vaults_standard_mumra_enter_the_diamond,
          uniq_saint_roka, uniq_margery, uniq_mennas
Vaults:5: uniq_jory
Depths:1: hangedman_coc_ice_floe, minmay_misc_feat_encased, grunt_ministairs_10,
          minmay_misc_feat_four_crosses, kennysheep_cross_bottleneck,
          hangedman_decor_opposing, minmay_three_doors
Depths:2: thingy_vault, enter_ziggurat_e, marbit_kobold_abyss_entry,
          rand_demon_pan_entry_9, hell_entry, serial_bayou_pond_a, uniq_aizul,
          uniq_sojobo
Depths:3: minmay_the_grid_square_5x5_3x3, pan_entry, minmay_misc_feat_cross,
          abyss_entry, hangedman_tar_grid_catacomb, roderic_cross_of_infinity,
          chequers_big_river, minmay_staircase_windowed_small, uniq_jorgrun
Depths:4: minmay_skeleton_keep, lightli_too_deep, abyss_entry,
          hangedman_decor_points, serial_bayou_shore_a
Depths:5: grunt_bruiser_brothers, hell_entry, spider_trap, serial_bayou_shore_b
Dis:5:    hangedman_dis_chains
Dis:7:    dis_grunt_layers
Geh:1:    evilmike_ambush
Geh:3:    hangedman_elemental_grid_stream
Geh:7:    geh_grunt_pentagon
Coc:1:    door_vault
Coc:7:    coc_old
Tar:1:    nicolae_tar_cuneiform_two, nicolae_tar_cuneiform_heaven
Tar:2:    nicolae_tar_cuneiform_sun
Tar:5:    hangedman_mysterious_dungeon_monster_house
Tar:7:    tar_mu
Abyss:4:  evilmike_abyss_rune_tso_outpost, evilmike_abyss_exit_12
Abyss:5:  evilmike_abyss_rune_elephants_shrine, evilmike_abyss_exit_kraken,
          kilobyte_mutagenic_chamber
Pan:      grunt_pan_sceptre, evilmike_mini_pan_other_thingy, pan_disco_hall,
          evilmike_mini_pan_T, pan_blood_fountain, pan_blood_fountain_small,
          nicolae_pan_lom_lobonic_4, lom_lobon, regret_index_pan_draining_boxed,
          nicolae_pan_mnolegish_5, nicolae_pan_sigil_uleosi, rand_demon_6,
          rand_demon_5, rand_demon_9, rand_demon_9, mnoleg, uniq_lom_lobon,
          evilmike_mini_pan_doors_b, uniq_lom_lobon, lemuel_hellion_island,
          evilmike_mini_pan_V, uniq_lom_lobon, cerebov,
          pan_blood_fountain_small, nicolae_pan_hourglass,
          nicolae_pan_lom_lobonic_2, gloorx_vloq_grunt_torture_chamber,
          evilmike_mini_pan_corner, nicolae_pan_giant_door, uniq_lom_lobon,
          pan_blood_fountain_2, pan_surprise, evilmike_mini_pan_thingy,
          uniq_lom_lobon, reaverb_pan_squares, nicolae_pan_lom_lobonic_1,
          lemuel_hall_of_pain, pan_blood_fountain_small, uniq_lom_lobon,
          evilmike_mini_pan_other_thingy, grunt_pan_pentagram, rand_demon_5,
          rand_demon_3, evilmike_mini_pan_corner, uniq_lom_lobon,
          nicolae_pan_sick_transit, nicolae_pan_glass_arcs, uniq_lom_lobon,
          rand_demon_7, evilmike_mini_pan_possible_glass,
          evilmike_mini_pan_pillars_b, pan_blood_fountain, uniq_lom_lobon,
          nicolae_pan_cerebovesque_2, reaverb_pan_chaos_star, rand_demon_8,
          pan_blood_fountain_small, nicolae_pan_cerebovesque_4,
          evilmike_mini_pan_pillars, rand_demon_3, rand_demon_8, uniq_lom_lobon,
          rand_demon_6
Zig:3:    ziggurat_pillar_centre_c
Lab:      lab_statue, labyrinth_skeletal_remains, labyrinth_lava_lair,
          nicolae_lab_plus, labyrinth_fake_exit, nicolae_lab_stuck,
          nicolae_lab_quarters, nicolae_lab_t_cross, nicolae_lab_arrow,
          nicolae_lab_big_swirl, labyrinth_glass_1, nicolae_lab_grate,
          nicolae_lab_dead_end
Ossuary:  ossuary_due_cavern
IceCv:    ice_cave_small_demon

Skill      XL: |  1  2  3  4  5  6  7  8  9 10 11 12 13 14 15 16 17 18 19 20 21 22 23 24 25 26 27 |
---------------+----------------------------------------------------------------------------------+-----
Unarmed Combat | 2 3 4 5 6 8 10 11 14 16 17 19 23 | 23.0
Armour         | 3 |  3.0
Fighting       | 3 4 5 6 7 8 9 10 12 16 20 21 | 21.0
Evocations     | 2 3 4 9 10 11 | 11.8
Dodging        | 1 2 4 5 6 7 8 11 14 15 | 15.1
Spellcasting   | 1 3 5 8 9 10 | 10.4
Transmutations | 2 5 9 11 | 11.8
Charms         | 2 5 6 |  6.3
Necromancy     | 2 5 6 10 | 10.1
Shields        | 3 5 12 16 | 16.1
Earth Magic    | 4 11 20 | 20.7
Translocations | 3 5 |  5.0
Axes           | 2 12 16 | 16.1

Action                   |  1- 3 |  4- 6 |  7- 9 | 10-12 | 13-15 | 16-18 | 19-21 | 22-24 | 25-27 || total
-------------------------+-------+-------+-------+-------+-------+-------+-------+-------+-------++-------
Melee: Unarmed           |   142 |   167 |   470 |   850 |  1125 |  1193 |  1120 |   393 |  1956 ||  7416
       Punch             |     2 |     4 |    12 |    42 |    70 |    90 |       |       |       ||   220
       Headbutt          |       |       |    43 |   187 |   278 |     4 |       |       |       ||   512
       Bardiche          |       |       |       |       |     9 |       |       |       |       ||     9
       Kick              |       |       |       |       |    15 |     6 |       |       |       ||    21
       War axe           |       |       |       |       |       |       |   260 |   584 |   498 ||  1342
 Cast: Regeneration      |       |       |       |    40 |   129 |    97 |   130 |    69 |   171 ||   636
       Blade Hands       |       |       |       |       |    65 |     1 |       |       |       ||    66
       Apportation       |       |       |       |       |    17 |    50 |    35 |    59 |    33 ||   194
       Statue Form       |       |       |       |       |     3 |    53 |    63 |    44 |   101 ||   264
       Song of Slaying   |       |       |       |       |       |     1 |       |       |       ||     1
       Blink             |       |       |       |       |       |     1 |       |       |     2 ||     3
       Passage of Golubr |       |       |       |       |       |       |       |    10 |   138 ||   148
       Lesser Beckoning  |       |       |       |       |       |       |       |       |   108 ||   108
       Passwall          |       |       |       |       |       |       |       |       |     2 ||     2
       Control Undead    |       |       |       |       |       |       |       |       |    61 ||    61
       Animate Dead      |       |       |       |       |       |       |       |       |    15 ||    15
       Lee's Rapid Decon |       |       |       |       |       |       |       |       |    10 ||    10
 Abil: Evoke Berserk Rag |     1 |     7 |    16 |    25 |    11 |       |       |       |       ||    60
       End Transformatio |       |       |       |       |    37 |    24 |    25 |    26 |    33 ||   145
Evoke: Wand              |       |       |     1 |    19 |    16 |    21 |     8 |     1 |    28 ||    94
       Lamp of fire      |       |       |       |     2 |     2 |     1 |     1 |     1 |       ||     7
       Phial of floods   |       |       |       |       |     1 |       |       |       |       ||     1
       Sack of spiders   |       |       |       |       |     3 |    15 |       |     3 |     1 ||    22
       Lightning rod     |       |       |       |       |     2 |       |       |       |       ||     2
       Box of beasts     |       |       |       |       |       |       |       |       |     1 ||     1
       Phantom mirror    |       |       |       |       |       |       |       |       |     1 ||     1
  Use: Scroll            |     1 |     4 |     7 |    14 |    21 |    15 |    17 |    11 |    27 ||   117
       Potion            |     1 |       |     2 |     3 |     5 |    10 |    20 |     4 |    17 ||    62
 Stab: Confused          |       |       |       |     1 |       |       |       |       |       ||     1
       Distracted        |       |       |       |       |     1 |     2 |       |       |     3 ||     6
       Sleeping          |       |       |       |       |       |     1 |     3 |       |     2 ||     6
       Paralysed         |       |       |       |       |       |     1 |       |       |       ||     1
       Invisible         |       |       |       |       |       |       |     3 |       |       ||     3
       Petrifying        |       |       |       |       |       |       |       |       |     1 ||     1
  Eat: Chunk             |       |    10 |    33 |    36 |    46 |    20 |    14 |     5 |       ||   164
       Fruit             |       |     3 |     2 |     5 |     1 |     6 |     5 |     7 |     3 ||    32
       Royal jelly       |       |       |     2 |     3 |     1 |     3 |       |     2 |     1 ||    12
       Meat ration       |       |       |       |     1 |       |     1 |       |       |     1 ||     3
       Bread ration      |       |       |       |     2 |     2 |     3 |     5 |     3 |    13 ||    28
Armor: Ring mail         |    60 |    33 |    38 |       |       |       |       |       |       ||   131
       Scale mail        |     1 |       |       |   320 |   395 |       |       |       |       ||   716
       Chain mail        |       |       |   161 |    74 |       |       |       |       |       ||   235
       Skin              |       |       |     6 |    34 |    15 |  1269 |   574 |   394 |  1461 ||  3753
       Leather armour    |       |       |       |       |    28 |     1 |       |       |       ||    29
       Troll leather arm |       |       |       |       |       |    43 |    11 |    15 |    37 ||   106
Dodge: Dodged            |    68 |    73 |   154 |   416 |   715 |  1818 |   762 |   527 |  1852 ||  6385
Block: Shield            |       |       |       |       |       |   465 |  1379 |   822 |  2646 ||  5312
       Rpst.: Unarmed    |       |       |       |       |       |     2 |     4 |       |       ||     6

Table legend:
 A = Spawn XP
 B = Non-spawn XP
 C = Spawn XP percentage of total XP
 D = Spawn monster count
 E = Non-spawn monster count
 F = Spawn count percentage of total count
 G = Total turns spent on level
                    A         B        C        D         E        F      G
               +---------+---------+-------+---------+---------+-------+---------
         Total |   62984 | 2036465 |   3.0 |      81 |    3057 |   2.6 | 35452
               +---------+---------+-------+---------+---------+-------+---------
           D:1 |       0 |      26 |   0.0 |       0 |      18 |   0.0 |   331
           D:2 |       0 |      83 |   0.0 |       0 |      23 |   0.0 |   589
           D:3 |       0 |     187 |   0.0 |       0 |      29 |   0.0 |   820
           D:4 |       0 |     513 |   0.0 |       0 |      11 |   0.0 |   627
           D:5 |       0 |    1016 |   0.0 |       0 |      20 |   0.0 |   751
           D:6 |       0 |     417 |   0.0 |       0 |      14 |   0.0 |   764
           D:7 |       0 |    1280 |   0.0 |       0 |      19 |   0.0 |   734
           D:8 |       0 |    1083 |   0.0 |       0 |      17 |   0.0 |   481
           D:9 |       0 |    3181 |   0.0 |       0 |      34 |   0.0 |   647
          D:10 |       0 |    4516 |   0.0 |       0 |      59 |   0.0 |   910
          D:11 |       0 |    3617 |   0.0 |       0 |      36 |   0.0 |   874
          D:12 |       0 |    8883 |   0.0 |       0 |      50 |   0.0 |   704
          D:13 |       0 |   14460 |   0.0 |       0 |      44 |   0.0 |  1006
          D:14 |       0 |    4555 |   0.0 |       0 |      16 |   0.0 |   139
          D:15 |       0 |   22251 |   0.0 |       0 |      45 |   0.0 |   340
        Lair:1 |       0 |    3018 |   0.0 |       0 |      13 |   0.0 |   319
        Lair:2 |       0 |    4387 |   0.0 |       0 |       8 |   0.0 |   584
        Lair:3 |       0 |    7794 |   0.0 |       0 |      32 |   0.0 |   628
        Lair:4 |       0 |    5574 |   0.0 |       0 |      13 |   0.0 |   328
        Lair:5 |       0 |    7865 |   0.0 |       0 |      25 |   0.0 |   419
        Lair:6 |       0 |   16108 |   0.0 |       0 |      37 |   0.0 |   700
       Swamp:1 |       0 |    2500 |   0.0 |       0 |       5 |   0.0 |    81
       Swamp:2 |       0 |   10409 |   0.0 |       0 |      24 |   0.0 |   190
       Swamp:3 |       0 |    7303 |   0.0 |       0 |      18 |   0.0 |   176
       Swamp:4 |       0 |   28927 |   0.0 |       0 |      58 |   0.0 |   344
      Spider:1 |       0 |    9445 |   0.0 |       0 |      21 |   0.0 |   211
      Spider:2 |       0 |   32062 |   0.0 |       0 |      72 |   0.0 |   484
      Spider:3 |       0 |   16147 |   0.0 |       0 |      21 |   0.0 |   346
      Spider:4 |       0 |   44790 |   0.0 |       0 |      78 |   0.0 |   646
       Slime:1 |       0 |    5781 |   0.0 |       0 |       7 |   0.0 |    57
       Slime:2 |       0 |    8507 |   0.0 |       0 |      19 |   0.0 |   111
       Slime:3 |       0 |   18949 |   0.0 |       0 |      32 |   0.0 |   235
       Slime:4 |       0 |   23187 |   0.0 |       0 |      28 |   0.0 |   272
       Slime:5 |       0 |   34891 |   0.0 |       0 |      27 |   0.0 |   409
         Orc:1 |       0 |    1329 |   0.0 |       0 |      11 |   0.0 |   277
         Orc:2 |       0 |   16223 |   0.0 |       0 |     121 |   0.0 |  1544
         Elf:2 |       0 |    9833 |   0.0 |       0 |      14 |   0.0 |   199
         Elf:3 |       0 |   72689 |   0.0 |       0 |      66 |   0.0 |  1976
      Vaults:1 |       0 |   16516 |   0.0 |       0 |      20 |   0.0 |   232
      Vaults:2 |       0 |   14611 |   0.0 |       0 |      22 |   0.0 |   302
      Vaults:3 |       0 |   32816 |   0.0 |       0 |      50 |   0.0 |   450
      Vaults:4 |       0 |   41917 |   0.0 |       0 |      58 |   0.0 |   518
      Vaults:5 |       0 |  169455 |   0.0 |       0 |     164 |   0.0 |  1447
      Depths:1 |       0 |   19350 |   0.0 |       0 |      27 |   0.0 |   242
      Depths:2 |       0 |   67404 |   0.0 |       0 |      87 |   0.0 |   514
      Depths:3 |    5023 |   50149 |   9.1 |       4 |      45 |   8.2 |   463
      Depths:4 |       0 |   61089 |   0.0 |       0 |      78 |   0.0 |   523
      Depths:5 |       0 |   37958 |   0.0 |       0 |      30 |   0.0 |   323
          Hell |       0 |   35248 |   0.0 |       0 |      60 |   0.0 |   258
         Dis:1 |       0 |     448 |   0.0 |       0 |       1 |   0.0 |     9
         Dis:2 |       0 |    7262 |   0.0 |       0 |      13 |   0.0 |    89
         Dis:3 |       0 |    5543 |   0.0 |       0 |      14 |   0.0 |   167
         Dis:4 |       0 |    7077 |   0.0 |       0 |       7 |   0.0 |    73
         Dis:5 |       0 |    3395 |   0.0 |       0 |       4 |   0.0 |    56
         Dis:6 |       0 |   14256 |   0.0 |       0 |      20 |   0.0 |   188
         Dis:7 |       0 |   92760 |   0.0 |       0 |      88 |   0.0 |   523
         Geh:2 |       0 |   14086 |   0.0 |       0 |      48 |   0.0 |   181
         Geh:3 |       0 |    8915 |   0.0 |       0 |      12 |   0.0 |    36
         Geh:4 |       0 |   12060 |   0.0 |       0 |      28 |   0.0 |   119
         Geh:5 |       0 |    5917 |   0.0 |       0 |      20 |   0.0 |    92
         Geh:6 |       0 |   19091 |   0.0 |       0 |      30 |   0.0 |   141
         Geh:7 |       0 |   58226 |   0.0 |       0 |      70 |   0.0 |   317
         Coc:1 |       0 |    3712 |   0.0 |       0 |       7 |   0.0 |    66
         Coc:2 |       0 |    1116 |   0.0 |       0 |       3 |   0.0 |    18
         Coc:3 |       0 |    3944 |   0.0 |       0 |       9 |   0.0 |    30
         Coc:7 |       0 |   77965 |   0.0 |       0 |     104 |   0.0 |   755
         Tar:1 |       0 |   10716 |   0.0 |       0 |      11 |   0.0 |    53
         Tar:2 |       0 |   10072 |   0.0 |       0 |      19 |   0.0 |    98
         Tar:4 |       0 |   36301 |   0.0 |       0 |      36 |   0.0 |   276
         Tar:5 |       0 |    1490 |   0.0 |       0 |       4 |   0.0 |    52
         Tar:6 |       0 |    7219 |   0.0 |       0 |      14 |   0.0 |   183
         Tar:7 |       0 |   46766 |   0.0 |       0 |      44 |   0.0 |   346
       Abyss:1 |   12166 |    8536 |  58.8 |      20 |      16 |  55.6 |   216
       Abyss:2 |    7405 |    7530 |  49.6 |       9 |       6 |  60.0 |   195
       Abyss:4 |    8241 |     654 |  92.6 |      11 |       3 |  78.6 |   189
       Abyss:5 |    1345 |   18719 |   6.7 |       2 |      14 |  12.5 |   121
           Pan |   28804 |  477421 |   5.7 |      35 |     457 |   7.1 |  3749
         Zig:1 |       0 |    1625 |   0.0 |       0 |       1 |   0.0 |    14
         Zig:2 |       0 |    3206 |   0.0 |       0 |       2 |   0.0 |    27
         Zig:3 |       0 |    2698 |   0.0 |       0 |       4 |   0.0 |    29
         Zig:4 |       0 |    5591 |   0.0 |       0 |       5 |   0.0 |    38
         Zig:5 |       0 |    5706 |   0.0 |       0 |       6 |   0.0 |    53
         Zig:6 |       0 |    9194 |   0.0 |       0 |      10 |   0.0 |    44
         Zig:7 |       0 |    9765 |   0.0 |       0 |       8 |   0.0 |    64
         Zig:8 |       0 |    7032 |   0.0 |       0 |      14 |   0.0 |    77
         Zig:9 |       0 |   13048 |   0.0 |       0 |      16 |   0.0 |    71
        Zig:10 |       0 |    9773 |   0.0 |       0 |      16 |   0.0 |    86
           Lab |       0 |    2158 |   0.0 |       0 |       9 |   0.0 |   396
       Ossuary |       0 |     607 |   0.0 |       0 |      13 |   0.0 |   261
         IceCv |       0 |    4566 |   0.0 |       0 |      25 |   0.0 |   335
               +---------+---------+-------+---------+---------+-------+---------
